 Dungeon Crawl Stone Soup version 0.31-a0-920-g28cbb04a8c (webtiles) character file.

Game seed: 16443758231862336403

2329186 Charly the Wrestler (level 27, 347/396 HPs)
             Began as a Black Draconian Shapeshifter on Oct 16, 2023.
             Was the Champion of Cheibriados.
             Escaped with the Orb
             ... and 4 runes on Oct 17, 2023!
             The game lasted 02:44:25 (71817 turns).

Charly the Wrestler (Black Draconian Shapeshifter) Turns: 71817, Time: 02:44:26

Health: 347/396    AC: 27    Str: 52    XL:     27
Magic:  43/43      EV: 30    Int: 26    God:    Cheibriados [******]
Gold:   5091       SH:  0    Dex: 40    Spells: 17/38 levels left

rFire   . .          .
                       - Unarmed
rCold   . . .        (shield currently unavailable)
rNeg    + . .        (body armour unavailable)
rPois   +            e - melded +1 hat
rElec   +            V - melded +1 cloak {rPois}
rCorr   .            w - melded +0 pair of gloves of Bowauhuy {rF+ rN++ rCorr Str-5}
SInv    .            Y - melded +2 pair of boots {Stlth+}
Will    +++++        A - amulet of the Four Winds {rN+ Will+++ Clar}
Stlth   ++           D - ring of Dim Light {MP+9 AC+4 Stlth+}
HPRegen 0.86/turn    z - ring of Attitude {Will+ Str+5 Dex+6}
MPRegen 0.28/turn

%: clarity
@: dragon-form, flying, studying 2 skills, very slow
A: dragon claw, dragon scales, flying, boosted hp, breathe lightning, AC +13,
giant, unfitting armour, (big wings), electricity resistance, (cold-blooded),
berserk 1
0: Orb of Zot
}: 4/15 runes: decaying, slimy, silver, gossamer
a: Breathe Lightning, Begin Untransformation, Renounce Religion, Bend Time,
Temporal Distortion, Slouch, Step From Time


You escaped.
You worshipped Cheibriados.
Cheibriados was exalted by your worship.
You were a fearsome storm dragon!
You visited 11 branches of the dungeon, and saw 53 of its levels.
You also visited: Gauntlet, Ice Cave and Wizlab.

You collected 8436 gold pieces.
You spent 3345 gold pieces at shops.

Inventory:

Missiles
 n - 2 throwing nets
Armour
 e - a +1 hat (melded)
 w - the +0 pair of gloves of Bowauhuy (melded) {rF+ rN++ rCorr Str-5}
   (You found it in a Gauntlet)

   Str-5:     It affects your strength (-5).
   rF+:       It protects you from fire.
   rN++:      It greatly protects you from negative energy.
   rCorr:     It protects you from acid and corrosion.
 V - a +1 cloak of poison resistance (melded)
 Y - a +2 pair of boots of stealth (melded)
Jewellery
 a - a ring of protection from fire
 c - a ring of protection from cold
 z - the ring of Attitude (right foreclaw) {Will+ Str+5 Dex+6}
   (You found it on level 5 of the Vaults)

   [ring of dexterity]

   Str+5:     It affects your strength (+5).
   Dex+6:     It affects your dexterity (+6).
   Will+:     It increases your willpower.
 A - the amulet of the Four Winds (around neck) {rN+ Will+++ Clar}
   (You took it off an occultist on level 4 of the Swamp)

   [amulet of nothing]

   rN+:       It protects you from negative energy.
   Will+++:   It greatly increases your willpower.
   Clar:      It protects you from confusion, rage, mesmerisation and fear.
 D - the ring of Dim Light (left foreclaw) {MP+9 AC+4 Stlth+}
   (You took it off a deep elf annihilator on level 3 of the Elven Halls)

   [ring of protection]

   AC+4:      It affects your AC (+4).
   MP+9:      It affects your magic capacity (+9).
   Stlth+:    It makes you more stealthy.
Talismans
 j - a dragon-blood talisman (active)
 t - a storm talisman
 I - a maw talisman
 U - a granite talisman
Wands
 u - a wand of digging (2)
 C - a wand of roots (59)
 H - a wand of paralysis (74)
 J - a wand of light (14)
 W - a wand of mindburst (17)
Scrolls
 b - 7 scrolls of poison
 g - 35 scrolls of teleportation
 k - 12 scrolls of fear
 m - 5 scrolls of torment
 o - 25 scrolls of identify
 p - 16 scrolls of fog
 q - 9 scrolls of immolation
 s - 5 scrolls of blinking
 B - 7 scrolls of vulnerability
 L - 4 scrolls of revelation
 M - 4 scrolls of butterflies
 O - 3 scrolls of silence
 Q - 11 scrolls of enchant armour
Potions
 d - 14 potions of attraction
 h - 7 potions of berserk rage
 i - 9 potions of lignification
 r - 8 potions of brilliance
 x - 7 potions of enlightenment
 y - 8 potions of cancellation
 E - 8 potions of mutation
 F - 31 potions of curing
 K - 15 potions of heal wounds
 N - 2 potions of invisibility
 R - a potion of resistance
 S - 5 potions of might
 T - 6 potions of ambrosia
 X - a potion of magic
Miscellaneous
 l - a phial of floods
 v - a box of beasts
 G - a phantom mirror
 P - a lightning rod (4/4)
 Z - a tin of tremorstones (2/2)


   Skills:
 + Level 24.5 Fighting
 - Level 2.0 Maces & Flails
 + Level 17.6 Dodging
 - Level 6.0 Stealth
 * Level 26.9 Unarmed Combat
 - Level 6.0 Spellcasting
 - Level 9.0 Translocations
 - Level 4.0 Transmutations
 - Level 7.0 Ice Magic
 - Level 8.0 Air Magic
 - Level 15.0 Invocations
 - Level 10.0 Evocations
 + Level 22.0 Shapeshifting


You had 17 spell levels left.
You knew the following spells:

 Your Spells              Type           Power      Damage    Failure   Level
a - Ozocubu's Armour      Ice            44%        N/A       1%          3
b - Vhi's Electric Charg  Tloc/Air       100%       N/A       1%          4
c - Frozen Ramparts       Ice            88%        1d14      1%          3
i - Ignite Poison         Fire/Tmut/Pois 14%        N/A       12%         3
l - Lesser Beckoning      Tloc           100%       N/A       1%          2
w - Wereblood             Tmut           28%        N/A       1%          2
z - Manifold Assault      Tloc           53%        N/A       1%          4

Your spell library contained the following spells:

 Spells                   Type           Power      Damage    Failure   Level
 Apportation              Tloc           100%       N/A       1%          1
 Freeze                   Ice            100%       1d10      1%          1
 Poisonous Vapours        Pois/Air       56%        N/A       1%          2
 Gell's Gravitas          Tloc           53%        N/A       1%          3
 Swiftness                Air            49%        N/A       1%          3
 Teleport Other           Tloc           53%        N/A       1%          3
 Passage of Golubria      Tloc           53%        N/A       1%          4
 Ensorcelled Hibernation  Hex/Ice        52%        N/A       2%          2
 Sting                    Tmut/Pois      72%        1d6       3%          1
 Cigotuvi's Dreadful Rot  Necr/Pois/Air  42%        N/A       3%          2
 Volatile Blastmotes      Fire/Tloc      62%        2d15      3%          3
 Passwall                 Tmut/Erth      15%        N/A       4%          2
 Hailstorm                Conj/Ice       26%        3d7       4%          3
 Foxfire                  Conj/Fire      28%        2x1d5     7%          1
 Kiss of Death            Conj/Necr      28%        2d7       7%          1
 Magic Dart               Conj           28%        1d4       7%          1
 Necrotise                Necr           28%        1d5       7%          1
 Sandblast                Erth           14%        2d6       7%          1
 Slow                     Hex            28%        N/A       7%          1
 Summon Small Mammal      Summ           28%        N/A       7%          1
 Call Imp                 Summ           14%        N/A       11%         2
 Jinxbite                 Hex            14%        N/A       11%         2
 Searing Ray              Conj           14%        2d5       11%         2
 Sublimation of Blood     Necr           7%         N/A       11%         2
 Dimensional Bullseye     Hex/Tloc       15%        N/A       11%         4
 Iskenderun's Mystic Bla  Conj/Tloc      31%        2d8       11%         4
 Summon Lightning Spire   Summ/Air       28%        N/A       13%         4
 Summon Ice Beast         Ice/Summ       26%        N/A       16%         4
 Call Canine Familiar     Summ           7%         N/A       21%         3
 Confusing Touch          Hex            7%         N/A       21%         3
 Inner Flame              Hex/Fire       7%         N/A       21%         3
 Sigil of Binding         Hex            7%         N/A       21%         3
 Stone Arrow              Conj/Erth      14%        3d7       21%         3
 Summon Guardian Golem    Hex/Summ       7%         N/A       21%         3
 Tukima's Dance           Hex            7%         N/A       21%         3
 Freezing Cloud           Conj/Ice/Air   16%        6-21      24%         5
 Dispersal                Tloc           26%        N/A       26%         6
 Petrify                  Tmut/Erth      18%        N/A       30%         4
 Summon Forest            Summ/Tloc      15%        N/A       30%         5
 Arcjolt                  Conj/Air       14%        1d24      36%         5
 Silence                  Hex/Air        14%        N/A       36%         5
 Metabolic Englaciation   Hex/Ice        13%        N/A       41%         5
 Anguish                  Hex/Necr       3%         N/A       56%         4
 Brom's Barrelling Bould  Conj/Erth      7%         2d3       56%         4
 Dispel Undead            Necr           7%         3d8       56%         4
 Fulminant Prism          Conj/Hex       3%         3d5       56%         4
 Leda's Liquefaction      Hex/Erth       3%         N/A       56%         4
 Olgreb's Toxic Radiance  Pois           7%         N/A       56%         4
 Alistair's Intoxication  Tmut/Pois      12%        N/A       63%         5
 Irradiate                Conj/Tmut      9%         3d14      63%         5
 Yara's Violent Unravell  Hex/Tmut       9%         3d6       63%         5
 Borgnjor's Vile Clutch   Necr/Erth      3%         N/A       88%         5
 Fireball                 Conj/Fire      3%         3d4       88%         5
 Iskenderun's Battlesphe  Conj           7%         2d6       88%         5
 Lee's Rapid Deconstruct  Erth           3%         3d5*      88%         5
 Conjure Ball Lightning   Conj/Air       14%        3x3d6     90%         6
 Plasma Beam              Fire/Air       14%        2x1d25    90%         6
 Simulacrum               Ice/Necr       13%        N/A       94%         6
 Ozocubu's Refrigeration  Ice            22%        4d12      97%         7
 Eringya's Noxious Bog    Tmut/Pois      9%         4d6       99%         6
 Bombard                  Conj/Erth      3%         9d1       100%        6
 Death Channel            Necr           3%         N/A       100%        6
 Starburst                Conj/Fire      3%         6d3       100%        6
 Enfeeble                 Hex            3%         N/A       100%        7
 Monstrous Menagerie      Summ           3%         N/A       100%        7
 Orb of Destruction       Conj           3%         9d5       100%        7
 Spellforged Servitor     Conj/Summ      3%         N/A       100%        7
 Summon Hydra             Summ           3%         N/A       100%        7
 Discord                  Hex            3%         N/A       100%        8
 Disjunction              Tloc           26%        N/A       100%        8
 Ignition                 Fire           3%         3d4       100%        8
 Lehudib's Crystal Spear  Conj/Erth      3%         10d3      100%        8
 Maxwell's Capacitive Co  Air            24%        ∞         100%        8
 Polar Vortex             Ice            22%        12d2*     100%        9
 Animate Armour           Summ/Erth      Unusable   N/A       N/A         4

Dungeon Overview and Level Annotations

Branches:
Dungeon (15/15)            Temple (1/1) D:6            Lair (5/5) D:11
  Swamp (4/4) Lair:3       Spider (4/4) Lair:2        Slime (5/5) Lair:4
    Orc (2/2) D:11            Elf (3/3) Orc:2        Vaults (5/5) D:14
  Crypt (0/3) Vaults:2     Depths (4/4) D:15            Zot (5/5) Depths:4
  IceCv (visited)          WizLab (visited)         Gauntlet (visited)

Altars:
Ashenzari
Cheibriados
Dithmenos
Elyvilon
Fedhas
Gozag
Hepliaklqana
Kikubaaqudgha
Makhleb
Nemelex Xobeh
Okawaru
Qazlal
Ru
Sif Muna
Trog
Uskayaw
Vehumet
Wu Jian
Xom
Yredelemnul
Zin
The Shining One

Shops:
D:5 [   D:7 :   D:8 *   D:11 [(   D:14 *(![   D:15 :   Orc:2 [!???   Elf:1 ::
Elf:2 =*=:   Vaults:4 *   Depths:1 *?

Portals:
Hell: Depths:1 Depths:2 Depths:3 Depths:4
Abyss: Swamp:4 Depths:2 Depths:3
Pandemonium: Depths:2 Depths:3
Ziggurat: Depths:3

Annotations:
Elf:2 3 runed translucent doors


Innate Abilities, Weirdness & Mutations

You are a fearsome storm dragon!
You have a powerful clawing attack.
Your giant scaled body is strong and resilient, but less evasive.
Your breath weapon is enhanced in this form.
You are flying.
Your maximum health is greatly increased.
Your armour is entirely melded.
You are incapable of wielding weapons or throwing items.
You can breathe wild blasts of lightning.
Your glossy black scales are hard. (AC +13)
You cannot fit into any form of body armour.
((Your large and strong wings let you fly.))
You are resistant to electric shocks. (rElec)
((You are cold-blooded and may be slowed by cold attacks.))
You sometimes lose your temper in combat.


Message History

You maul Joefex!!!!
Your tail-slap misses Joefex.
Joefex is moderately wounded.
You maul Joefex!!!!!
Your claw misses Joefex.
Joefex is almost dead.
Joefex hits you but does no damage. Space warps horribly around you!!
The reaper hits you from afar with a +0 heavy scythe!!
You maul Joefex!!!!!
You kill Joefex!
Cheibriados thoroughly appreciates the change of pace.
Charge where?
Press: ? - help, Q - select action, (/) - cycle Dir - move target, f - reaper
Aim: a reaper, wielding a +0 heavy scythe (90% to hit)
You charge forward with an electric crackle!
You bite the reaper and electrocute it!!
The reaper is moderately wounded.
The reaper closely misses you.
You maul the reaper!!!
You kill the reaper!
Cheibriados appreciates the change of pace.
You see here a +0 robe.
What level of the Dungeon? (default 1, ? - help)
There is a stone staircase leading up here.
You fly upwards.
There is a stone staircase leading down here.
There is a stone staircase leading up here.
You fly upwards.
There is a stone staircase leading down here.
Magic restored.
There is a strange disturbance nearby!
Something hits you!!
You feel your power leaking away.
Deactivating autopickup; reactivate with Ctrl-A.
You maul something!!!
Your claw misses something.
You maul something!!!!
Cheibriados appreciates the change of pace.
Reactivating autopickup.
You feel a bit more experienced.
There is an open door here.
There is a staircase leading out of the dungeon here.
You have escaped!

.##)##..##.#.#...'.......#
#.#.
.#..#....#...#.8.#.....###
#.#.
.#....#..#.###(..#....##
#.#. .##..##.##.#
#...#....# #...
..####..#..#
######.#############
....†)....##
#####'##...........
......#####
#.....##.#####.....
......# #.....##...#
#..... ......#
#.D##.####.# #.....
#####.# #.....# #.# ######
#.# #.....# #.# #.#
####### #.# #.# #.# #.#
#.# #.# #.# #####.# #.#
......# #.#


There were no monsters in sight!

Vanquished Creatures
  the Royal Jelly (Slime:5)
  5 dread liches
  5 ancient liches
  4 orbs of fire (Zot:5)
  Josephina (Zot:4)
  2 Killer Klowns (Zot:5)
  2 curse toes
  Saint Roka (Vaults:1)
  7 caustic shrikes (Depths:4)
  6 golden dragons
  2 bone dragons
  A Brimstone Fiend (D:11)
  A Tzitzimitl (Zot:1)
  2 doom hounds (Zot:2)
  2 electric golems (Zot:5)
  The ghost of Lafiguk the Bludgeoner, an adept OgCA of Sif Muna (Vaults:1)
  2 walking crystal tomes (Depths:2)
  The ghost of DEFE the Black Belt, an adept DsFi of Ru (Vaults:1)
  3 pandemonium lords
  A deep elf master archer (Elf:3)
  Asterion (Vaults:1)
  26 Orb Guardians
  Grunn (Zot:2)
  A walking frostbound tome (Depths:2)
  2 deep elf blademasters (Elf:3)
  6 liches
  12 quicksilver dragons
  19 tentacled monstrosities
  4 sphinxes
  12 death cobs
  2 titans
  11 acid blobs
  2 thorn hunters (Swamp:4)
  19 storm dragons
  Roxanne (D:14)
  7 tengu reavers
  Donald (Spider:1)
  2 fenstrider witches
  7 draconian monks
  A daeva (Swamp:4)
  11 shadow dragons
  10 rockslimes
  5 emperor scorpions
  8 draconian knights
  5 fire giants
  8 frost giants
  Louise (Swamp:4)
  6 deep elf sorcerers
  2 balrugs
  8 draconian scorchers
  8 azure jellies
  3 iron dragons
  A juggernaut zombie (Depths:3)
  5 spectral caustic shrikes (Depths:2)
  4 draconian stormcallers
  4 deep elf elementalists (Elf:3)
  An orc warlord (Orc:1)
  2 cacodemons
  9 ghost moths
  A reaper (D:3)
  6 draconian shifters
  13 vault wardens
  9 draconian annihilators
  A spriggan defender (Depths:3)
  18 very ugly things
  14 ironbound preservers
  4 war gargoyles
  14 stone giants
  8 formless jellyfish
  The ghost of Discosetron the Eviscerator, an adept FeSh of Dithmenos (Swamp:4)
  4 broodmothers
  8 ironbound thunderhulks
  The ghost of Roinetu the Thaumaturge, a journeyman DjEE of Makhleb (D:12)
  11 quicksilver oozes
  2 vampire knights (Depths:2)
  The ghost of Tungsten the Brawler, a journeyman DrSh of Nemelex Xobeh (Lair:5)
  4 bunyips
  6 green draconians
  5 eleionomae
  16 white draconians
  11 deep elf demonologists
  2 lorocyprocas
  8 deep elf annihilators
  2 purple draconians (Depths:4)
  13 yellow draconians
  10 black draconians
  4 spark wasps
  16 dire elephants
  10 red draconians
  2 red draconians (shapeshifter) (Zot:1)
  A minotaur (Gauntlet)
  A green death (Depths:1)
  6 ettins
  7 deep elf death magi
  2 crystal guardians
  A merfolk javelineer (Depths:1)
  A blizzard demon (D:5)
  A shambling mangrove (Swamp:4)
  17 yaktaur captains
  3 fire dragons
  13 great orbs of eyes
  10 deep elf high priests
  A quicksilver dragon skeleton (Depths:1)
  A hell beast (Depths:1)
  3 rakshasas
  26 hydras
  8 ice dragons
  A spriggan zombie (Depths:3)
  A peacekeeper (Vaults:1)
  5 entropy weavers
  3 jorogumos
  3 ghost crabs
  3 spriggan air magi
  30 vault guards
  3 catoblepae
  17 centaur warriors
  5 ogre magi
  A death scarab (Spider:1)
  4 radroaches
  16 ironbound frosthearts
  8 two-headed ogres
  3 boulder beetles
  5 alligators
  19 dancing weapons
  3 death yaks (Lair:5)
  7 deep troll shamans
  7 tengu warriors
  A sphinx skeleton (Depths:3)
  8 spriggan berserkers
  3 demonic crawlers
  7 orc high priests (Orc:2)
  9 deep troll earth magi
  2 vampire magi
  A shock serpent (Spider:3)
  13 deep elf knights
  13 spriggans
  4 skeletal warriors (D:12)
  7 hell knights
  Nergalle (D:12)
  A fire crab (Gauntlet)
  6 iron trolls
  A soul eater (D:3)
  3 sun moths
  4 goliath frogs
  A large abomination (D:15)
  6 pharaoh ants
  2 spriggan druids
  A flayed ghost (Depths:2)
  4 arcanists
  67 deep trolls
  4 glowing orange brains
  3 orange crystal statues
  12 swamp dragons
  A swamp dragon (shapeshifter) (Vaults:5)
  11 phantasmal warriors
  5 lindwurms
  A harpy (shapeshifter) (D:15)
  14 deep elf archers
  5 steelbarb worms
  An obsidian statue (Zot:5)
  A tengu zombie (Depths:1)
  19 ironbound convokers
  3 orb spiders
  A bog body (Swamp:1)
  17 deep elf zephyrmancers
  26 deep elf pyromancers
  9 occultists
  4 necromancers
  4 orc sorcerers
  6 oklob plants
  4 orc knights
  4 will-o-the-wisps (Swamp:3)
  52 ugly things
  23 wolf spiders
  A faun (shapeshifter) (Elf:2)
  2 manticores
  A shining eye (shapeshifter) (Vaults:5)
  A faun (Spider:3)
  4 cyclopes
  2 worldbinders (Swamp:4)
  3 guardian serpents (Zot:1)
  8 elephants
  A toenail golem (D:15)
  4 black mambas
  A fire giant skeleton (Depths:1)
  A rust devil (Depths:3)
  22 moths of wrath
  A frost giant skeleton (Depths:1)
  3 eyes of devastation
  A storm dragon simulacrum (Zot:4)
  3 gargoyles
  20 vault sentinels
  5 torpor snails
  2 smoke demons
  3 kobold demonologists
  3 orange demons (D:13)
  14 cane toads
  An unseen horror (D:11)
  35 yaktaurs
  An ice devil (Zot:1)
  15 rime drakes
  9 komodo dragons
  A hellion (D:9)
  A tengu conjurer (D:13)
  3 freezing wraiths
  6 harpy zombies (Zot:1)
  A yaktaur skeleton (Vaults:3)
  8 trolls
  A hellwing (D:11)
  12 tyrant leeches
  22 polar bears
  18 hornets
  4 meliai
  3 raiju (Zot:1)
  28 tarantellas
  12 blink frogs
  3 dream sheep (D:10)
  A dream sheep (shapeshifter) (Vaults:5)
  Sigmund (D:7)
  A draconian simulacrum (Zot:4)
  2 air elementals
  92 slime creatures
  2 centaur simulacra
  5 wraiths
  A ynoxinul (D:12)
  2 shadows
  20 jumping spiders
  5 water elementals
  13 culicivoras
  2 vampires (D:12)
  A spriggan (shapeshifter) (Zot:1)
  5 wyverns
  4 fire elementals
  36 yaks
  3 humans (D:14)
  9 vampire mosquitoes
  4 fire bats (Gauntlet)
  6 golden eyes (Slime:4)
  A human simulacrum (Vaults:3)
  61 redbacks
  3 neqoxecs (D:12)
  A redback simulacrum (D:15)
  5 basilisks
  12 wargs
  16 swamp worms
  9 water moccasins
  3 acid dragons
  3 floating eyes
  Duvessa (D:4)
  2 moth of wrath simulacra (Zot:4)
  The ghost of c42 the Shield-Bearer, an amateur TrFi of Uskayaw (D:4)
  2 sky beasts
  6 swamp drakes
  4 black bears
  4 ice beasts
  5 ogres
  37 orc warriors
  A spriggan simulacrum (Depths:1)
  7 boggarts
  24 wolves
  14 centaurs
  2 kobold brigands
  A phantom (D:4)
  A human skeleton (Vaults:3)
  4 gnoll sergeants
  12 bullfrogs
  A scorpion (D:5)
  5 wights
  Dowan (D:4)
  10 killer bees
  2 electric eels
  A lava snake (D:9)
  5 quasits
  2 hounds
  6 jellies
  37 orc priests
  3 gnoll boudas
  Jessica (D:2)
  7 iguanas
  A sleepcap (D:4)
  29 orc wizards
  5 hell rats (Lair:2)
  22 gnolls
  7 adders
  3 shadow imps (D:8)
  5 white imps
  6 ufetubi
  A worm (D:5)
  A dart slug (D:1)
  99 orcs
  7 endoplasms
  3 giant cockroaches
  16 goblins
  14 hobgoblins
  2 jackals (D:1)
  17 kobolds
  6 quokkas
  5 ball pythons
  7 bats
  7 frilled lizards
  23 rats
  17 butterflies
2285 creatures vanquished.

Vanquished Creatures (collateral kills)
  Jorgrun (D:12)
  An azure jelly (Slime:5)
  A wolf spider (Spider:3)
  A cyclops (Spider:3)
  A torpor snail (Spider:3)
  An orc wizard (Vaults:1)
6 creatures vanquished.

Vanquished Creatures (others)
  A draconian knight (Zot:1)
  An ugly thing (D:14)
  A harpy zombie (Zot:1)
  A bloated husk (Swamp:1)
  A tarantella (Spider:3)
  2 hornets
  A boggart (Zot:1)
  An orc (Vaults:5)
  8 foxfires (Swamp:3)
  A lurking horror (Swamp:4)
18 creatures vanquished.

Grand Total: 2309 creatures vanquished

Notes
Turn   | Place    | Note
-------+----------+-------------------------------------------
     0 | D:1      | Charly the Draconian Shapeshifter began the quest for the
                  | Orb.
     0 | D:1      | Reached XP level 1. HP: 16/16 MP: 1/1
   330 | D:1      | Reached XP level 2. HP: 23/23 MP: 2/2
   555 | D:1      | Reached skill level 1 in Stealth
   799 | D:1      | Reached XP level 3. HP: 28/29 MP: 3/3
  1330 | D:2      | Reached XP level 4. HP: 37/37 MP: 4/4
  1751 | D:2      | Noticed Jessica
  1755 | D:2      | Killed Jessica
  2261 | D:3      | Learned a level 3 spell: Frozen Ramparts
  2428 | D:3      | Reached XP level 5. HP: 45/45 MP: 5/5
  3157 | D:4      | Noticed a phantom
  3303 | D:4      | Reached skill level 1 in Ice Magic
  3320 | D:4      | Found a runed translucent gate.
  3320 | D:4      | Found a runed translucent gate.
  3320 | D:4      | Found a runed translucent gate.
  3321 | D:4      | Found an opulent altar of Gozag.
  3348 | D:4      | Noticed a black bear
  3360 | D:4      | Killed a black bear
  3361 | D:4      | Reached skill level 1 in Spellcasting
  3399 | D:4      | Learned a level 3 spell: Ozocubu's Armour
  3416 | D:4      | Reached XP level 6. HP: 50/51 MP: 2/7
  3602 | D:4      | Noticed c42's ghost (amateur TrFi)
  3613 | D:4      | Noticed a sky beast
  3691 | D:4      | Noticed Duvessa
  3692 | D:4      | Noticed Dowan
  3846 | D:4      | Killed Duvessa
  3859 | D:4      | Killed Dowan
  4484 | D:5      | Entered Level 5 of the Dungeon
  4494 | D:5      | Your scales start taking on a glossy black colour.
  4494 | D:5      | Reached XP level 7. HP: 54/57 MP: 4/10
  4494 | D:5      | Gained mutation: You are resistant to electric shocks.
                  | (rElec) [Black Draconian growth]
  4828 | D:5      | Found Lyrel's Antique Armour Boutique.
  5035 | D:5      | Noticed a shadow
  5179 | D:5      | Found a hide-covered altar of Uskayaw.
  5272 | D:5      | Reached skill level 5 in Ice Magic
  5272 | D:5      | Reached skill level 5 in Shapeshifting
  5621 | D:5      | Killed a shadow
  5622 | D:5      | Reached XP level 8. HP: 57/63 MP: 4/12
  5809 | D:5      | Identified the +5 whip "Fogiddut" {freeze, Dex+3 Stlth+}
  6285 | D:6      | Reached skill level 1 in Maces & Flails
  6551 | D:6      | Found a staircase to the Ecumenical Temple.
  6557 | Temple   | Entered the Ecumenical Temple
  6566 | Temple   | Became a worshipper of Cheibriados the Contemplative
  6749 | D:6      | Found a broken altar of Ashenzari.
  7307 | D:7      | Reached skill level 1 in Invocations
  7546 | D:7      | Reached XP level 9. HP: 59/71 MP: 9/13
  7671 | D:7      | Noticed Sigmund
  7682 | D:7      | Killed Sigmund
  7682 | D:7      | Reached * piety under Cheibriados
  7832 | D:7      | Found Bisat's Book Shop.
  8447 | D:8      | Found Ficoets's Assorted Antiques.
  8452 | D:8      | Bought a scroll of teleportation for 84 gold pieces
  8452 | D:8      | Bought a scroll labelled GULAIXZ UGRUUST for 28 gold pieces
  8699 | D:8      | Found a sacrificial altar of Ru.
  8808 | D:8      | Reached skill level 1 in Evocations
  8810 | D:8      | Reached ** piety under Cheibriados
  9427 | D:9      | Reached skill level 5 in Fighting
  9492 | D:9      | Reached *** piety under Cheibriados
  9665 | D:9      | Reached XP level 10. HP: 62/81 MP: 14/14
  9910 | D:9      | Found an opulent altar of Gozag.
 10380 | D:9      | Noticed a soul eater
 10382 | D:9      | Noticed a rust devil
 11094 | D:10     | Entered Level 10 of the Dungeon
 11192 | D:10     | Noticed a cyclops
 11198 | D:10     | Killed a cyclops
 11284 | D:10     | Reached **** piety under Cheibriados
 11402 | D:10     | Noticed a gargoyle
 11409 | D:10     | Killed a gargoyle
 11410 | D:10     | Reached skill level 5 in Invocations
 11447 | D:10     | Noticed a boulder beetle
 11473 | D:10     | Killed a boulder beetle
 11474 | D:10     | Reached skill level 5 in Dodging
 11604 | D:10     | Noticed a two-headed ogre
 11611 | D:10     | Killed a two-headed ogre
 11612 | D:10     | Reached XP level 11. HP: 53/91 MP: 12/15
 11879 | D:10     | Reached skill level 10 in Shapeshifting
 12256 | D:11     | Noticed an oklob plant
 12257 | D:11     | Noticed an oklob plant
 12553 | D:11     | Reached skill level 5 in Evocations
 12753 | D:11     | Found Gylec's Armour Boutique.
 12753 | D:11     | Found a staircase to the Orcish Mines.
 12753 | D:11     | Found Safuo's Weapon Boutique.
 13093 | D:11     | Noticed a soul eater
 13098 | D:11     | Reached ***** piety under Cheibriados
 13192 | D:11     | Noticed a two-headed ogre
 13214 | D:11     | Killed a two-headed ogre
 13215 | D:11     | Reached skill level 4 in Unarmed Combat
 13503 | D:11     | Found a staircase to the Lair.
 13819 | D:11     | Killed an oklob plant
 13939 | D:12     | Identified the "Gimmog"
 13939 | D:15     | Identified the "Oxefe"
 13939 | Lair:1   | Entered Level 1 of the Lair of Beasts
 13967 | Lair:1   | Identified the +7 war axe "Lohajoydd" {freeze, Str+2 Dex+3
                  | SInv}
 14012 | Lair:1   | Found a gate leading to a gauntlet.
 14019 | Gauntlet | Entered a Gauntlet
 14019 | Gauntlet | Found a transporter.
 14019 | Gauntlet | Found a transporter.
 14019 | Gauntlet | Found a transporter.
 14052 | Gauntlet | Noticed a fire crab
 14097 | Gauntlet | Found a transporter.
 14098 | Gauntlet | Found a transporter.
 14105 | Gauntlet | Found a transporter.
 14105 | Gauntlet | Noticed an oklob plant
 14108 | Gauntlet | Found a transporter.
 14116 | Gauntlet | Found a transporter.
 14117 | Gauntlet | Noticed a ghost crab
 14133 | Gauntlet | Noticed a death scarab
 14133 | Gauntlet | Noticed a death scarab
 14134 | Gauntlet | Found a transporter.
 14140 | Gauntlet | Found a transporter.
 14142 | Gauntlet | Found a transporter.
 14152 | Gauntlet | Found a runed translucent door.
 14152 | Gauntlet | Found a transporter.
 14250 | Gauntlet | Killed a fire crab
 14432 | Gauntlet | Noticed a spectral emperor scorpion
 14434 | Gauntlet | Killed a ghost crab
 14435 | Gauntlet | Identified the +9 halberd "Zureuhy" {freeze, Will+ Str+4}
 14563 | Gauntlet | Identified the +0 pair of gloves of Bowauhuy {rF+ rN++
                  | rCorr Str-5}
 14583 | Gauntlet | Identified the +8 dagger of Thoughtfulness {holy, Int+2}
 14583 | Gauntlet | Noticed a minotaur
 14593 | Gauntlet | Killed a minotaur
 14594 | Gauntlet | Reached XP level 12. HP: 89/102 MP: 15/17
 14822 | Lair:1   | Reached skill level 5 in Unarmed Combat
 15039 | Lair:1   | Noticed a fire dragon
 15608 | Lair:2   | Found a hole to the Spider Nest.
 16125 | Lair:2   | Reached skill level 6 in Unarmed Combat
 16820 | Lair:3   | Reached skill level 7 in Unarmed Combat
 17050 | Lair:3   | Found a staircase to the Swamp.
 17286 | Lair:3   | Reached ****** piety under Cheibriados
 17319 | Lair:3   | Reached XP level 13. HP: 111/111 MP: 19/19
 17458 | Lair:3   | Reached skill level 8 in Unarmed Combat
 18720 | Lair:4   | Reached skill level 9 in Unarmed Combat
 19627 | Lair:5   | Entered Level 5 of the Lair of Beasts
 19803 | Lair:5   | Reached skill level 10 in Invocations
 19846 | Lair:5   | Found a runed translucent door.
 19846 | Lair:5   | Found a shimmering altar of Xom.
 19846 | Lair:5   | Noticed Tungsten's ghost (journeyman DrSh)
 19859 | Lair:5   | Reached skill level 10 in Unarmed Combat
 20255 | Lair:5   | Gained mutation: Your large and strong wings let you fly.
                  | [Black Draconian growth]
 20255 | Lair:5   | Reached XP level 14. HP: 112/118 MP: 21/21
 20703 | Lair:5   | Identified the +6 long sword of Big Damage {freeze, Str+2}
 20810 | Lair:5   | Killed Tungsten's ghost
 21015 | Lair:1   | Identified the +5 spear "Duapaj Manon" {speed, rC+ SInv
                  | Stlth+}
 21595 | D:4      | Killed c42's ghost
 21871 | D:12     | Reached skill level 11 in Unarmed Combat
 22112 | D:12     | Identified the +5 long sword "Plog" {flame, rC+}
 22116 | D:12     | Found a transporter.
 22120 | D:12     | Noticed Roinetu's ghost (journeyman DjEE)
 22162 | D:12     | Found a transporter.
 22234 | D:12     | Noticed Jorgrun
 22242 | D:12     | Killed Jorgrun
 22499 | D:12     | Noticed Nergalle
 22523 | D:12     | Killed Nergalle
 23510 | D:14     | Reached skill level 12 in Unarmed Combat
 23596 | D:14     | Found Hiron's Distillery.
 23601 | D:14     | Bought a potion of curing for 39 gold pieces
 23601 | D:14     | Bought a potion of resistance for 130 gold pieces
 23601 | D:14     | Bought a potion of curing for 39 gold pieces
 23601 | D:14     | Bought a potion of mutation for 104 gold pieces
 23601 | D:14     | Bought a potion of attraction for 39 gold pieces
 23601 | D:14     | Bought a potion of cancellation for 104 gold pieces
 23608 | D:14     | Found Cigak's General Store.
 23612 | D:14     | Bought a scroll of fog for 52 gold pieces
 23612 | D:14     | Bought a potion of berserk rage for 65 gold pieces
 23785 | D:14     | Found Bufev's Weapon Shoppe.
 23803 | D:14     | You are sucked into a shaft and drop 1 floor!
 23803 | D:15     | Entered Level 15 of the Dungeon
 23838 | D:15     | Reached skill level 15 in Shapeshifting
 24627 | D:15     | Found Gyoner's Book Shop.
 24898 | D:15     | Reached XP level 15. HP: 124/124 MP: 23/23
 25110 | D:14     | Found Zeatuzen's Antique Armour Emporium.
 25241 | D:14     | Noticed Roxanne
 25258 | D:14     | Killed Roxanne
 25307 | D:14     | Reached skill level 13 in Unarmed Combat
 25321 | D:14     | Found a gate to the Vaults.
 25535 | D:15     | Found a staircase to the Depths.
 25869 | D:12     | Killed Roinetu's ghost
 26470 | Orc:1    | Entered Level 1 of the Orcish Mines
 26710 | Orc:2    | Entered Level 2 of the Orcish Mines
 26710 | Orc:2    | Found Qiuqivys's Magic Scroll Shoppe.
 26715 | Orc:2    | Bought a scroll of poison for 48 gold pieces
 26715 | Orc:2    | Bought a scroll of immolation for 48 gold pieces
 26715 | Orc:2    | Bought a scroll of revelation for 90 gold pieces
 26715 | Orc:2    | Bought a scroll of fog for 48 gold pieces
 26715 | Orc:2    | Bought a scroll of vulnerability for 48 gold pieces
 26715 | Orc:2    | Bought a scroll of teleportation for 36 gold pieces
 26715 | Orc:2    | Bought a scroll of fear for 48 gold pieces
 26936 | Orc:2    | Found Lyb Ips's Magic Scroll Emporium.
 26937 | Orc:2    | Found Rahicw's Magic Scroll Boutique.
 26994 | Orc:2    | Bought a scroll of teleportation for 54 gold pieces
 26994 | Orc:2    | Bought a scroll of fog for 72 gold pieces
 26994 | Orc:2    | Bought a scroll of teleportation for 54 gold pieces
 27026 | Orc:2    | Bought a scroll of blinking for 120 gold pieces
 27026 | Orc:2    | Bought a scroll of blinking for 120 gold pieces
 27026 | Orc:2    | Bought a scroll of butterflies for 64 gold pieces
 27309 | Orc:2    | Found Kih Ohit's Antique Armour Boutique.
 27316 | Orc:2    | Found Ibbok's Distillery.
 27474 | Orc:2    | Found a staircase to the Elven Halls.
 28522 | Orc:2    | Bought a potion of curing for 36 gold pieces
 28522 | Orc:2    | Bought a potion of curing for 36 gold pieces
 28522 | Orc:2    | Bought a potion of curing for 36 gold pieces
 28522 | Orc:2    | Bought a potion of curing for 36 gold pieces
 28522 | Orc:2    | Bought a potion of heal wounds for 60 gold pieces
 28522 | Orc:2    | Bought a potion of invisibility for 96 gold pieces
 28522 | Orc:2    | Bought a potion of ambrosia for 96 gold pieces
 28522 | Orc:2    | Bought a potion of berserk rage for 60 gold pieces
 28654 | Orc:2    | Upgraded the game from 0.31-a0-889-g1a8549509d to
                  | 0.31-a0-920-g28cbb04a8c
 28837 | Orc:2    | Learned a level 2 spell: Wereblood
 28841 | Orc:2    | Learned a level 3 spell: Ignite Poison
 28875 | Orc:2    | Bought a runed cloak for 270 gold pieces
 29175 | Swamp:1  | Entered Level 1 of the Swamp
 29273 | Swamp:1  | Reached skill level 14 in Unarmed Combat
 30206 | Swamp:2  | Noticed a fenstrider witch
 30212 | Swamp:2  | Killed a fenstrider witch
 30524 | Swamp:2  | Reached XP level 16. HP: 132/132 MP: 25/25
 30853 | IceCv    | Identified the of Widumeil
 30886 | Swamp:3  | Found a frozen archway.
 30900 | IceCv    | Entered an ice cave
 31321 | IceCv    | Reached skill level 10 in Fighting
 31323 | IceCv    | Reached skill level 15 in Unarmed Combat
 33149 | Swamp:4  | Entered Level 4 of the Swamp
 33273 | Swamp:4  | Noticed a thorn hunter
 33280 | Swamp:4  | Killed a thorn hunter
 33371 | Swamp:4  | Reached XP level 17. HP: 132/143 MP: 27/27
 33540 | Swamp:4  | Got a decaying rune of Zot
 33565 | Swamp:4  | Reached skill level 16 in Unarmed Combat
 33581 | Swamp:4  | Noticed Louise
 33595 | Swamp:4  | Killed Louise
 33778 | Swamp:4  | Found a transporter.
 33891 | Swamp:4  | Found a transporter.
 33910 | Swamp:4  | Noticed Discosetron's ghost (adept FeSh)
 34220 | Swamp:4  | Found a one-way gate to the infinite horrors of the Abyss.
 34612 | Swamp:4  | Killed Discosetron's ghost
 35229 | Orc:2    | Bought an embroidered hat for 252 gold pieces
 35358 | Spider:1 | Entered Level 1 of the Spider Nest
 35387 | Spider:1 | Found a transporter.
 35430 | Spider:1 | Found a transporter.
 35472 | Spider:1 | HP: 10/216 [poisoned by an emperor scorpion]
 35477 | Spider:1 | HP: 8/216 [poisoned by an emperor scorpion]
 35482 | Spider:1 | HP: 8/216 [poisoned by an emperor scorpion]
 36077 | Spider:1 | Reached skill level 1 in Transmutations
 36107 | Spider:1 | Noticed Donald
 36120 | Spider:1 | Killed Donald
 37920 | Spider:3 | Reached skill level 17 in Unarmed Combat
 38191 | Spider:3 | Identified the +0 robe of Pride {Rampage +Blink}
 38473 | Spider:4 | Entered Level 4 of the Spider Nest
 38508 | Spider:4 | Reached XP level 18. HP: 154/154 MP: 25/28
 38742 | Spider:4 | Reached skill level 10 in Dodging
 39165 | Spider:4 | Reached skill level 15 in Invocations
 39384 | Spider:4 | Got a gossamer rune of Zot
 39392 | Spider:4 | Identified the orb of the Shining Light {guile, rElec}
 40190 | D:14     | Bought a pair of glowing boots for 225 gold pieces
 40191 | D:14     | Bought a glowing buckler for 225 gold pieces
 40216 | Vaults:1 | Entered Level 1 of the Vaults
 40269 | Vaults:1 | Noticed a lich
 40269 | Vaults:1 | Noticed DEFE's ghost (adept DsFi)
 40270 | Vaults:1 | Found a runed translucent gate.
 40270 | Vaults:1 | Found a runed translucent gate.
 40270 | Vaults:1 | Found an ancient bone altar of Kikubaaqudgha.
 40270 | Vaults:1 | Found a runed translucent gate.
 40270 | Vaults:1 | Noticed a lich
 40271 | Vaults:1 | Noticed Lafiguk's ghost (adept OgCA)
 40271 | Vaults:1 | Noticed an ancient lich
 40414 | Vaults:1 | Reached skill level 18 in Unarmed Combat
 40496 | Vaults:1 | Noticed Asterion
 40511 | Vaults:1 | Killed Asterion
 40895 | Vaults:1 | Noticed Saint Roka
 40915 | Vaults:1 | Killed Saint Roka
 41962 | Vaults:1 | Killed an ancient lich
 41963 | Vaults:1 | Reached XP level 19. HP: 163/163 MP: 25/30
 41969 | Vaults:1 | Killed DEFE's ghost
 41979 | Vaults:1 | Killed Lafiguk's ghost
 42265 | Vaults:1 | Identified the ring "Daidoe Joufe" {rF- rN+ Will+ Str+4}
 42270 | Vaults:1 | Identified the +0 pair of boots of Immorality {Str+3}
 42279 | Vaults:1 | Identified the +7 falchion of Kismet {pain, Will+ MP+9}
 42363 | Vaults:2 | Identified the +1 hand axe of Reason {antimagic, rC+ Will-
                  | Dex+3}
 42456 | Vaults:2 | Paralysed by a formless jellyfish for 1 turns
 42642 | Vaults:2 | Found a staircase to the Crypt.
 43868 | Vaults:3 | Learned a level 4 spell: Vhi's Electric Charge
 43930 | Vaults:3 | Reached skill level 1 in Translocations
 43930 | Vaults:3 | Reached skill level 1 in Air Magic
 43962 | Vaults:3 | Identified the +1 quarterstaff of the Jolly Hells {venom,
                  | rElec Int-3 Dex+3}
 44090 | Vaults:3 | Reached skill level 19 in Unarmed Combat
 45680 | Vaults:4 | Identified the "Jadek"
 45683 | Vaults:4 | Reached XP level 20. HP: 174/174 MP: 31/31
 46243 | Vaults:4 | Found Zaunog's General Store.
 46255 | Vaults:4 | Bought a potion of mutation for 80 gold pieces
 46827 | Vaults:4 | Reached skill level 5 in Air Magic
 47126 | Vaults:4 | Found a huge runed gate.
 47126 | Vaults:4 | Found a huge runed gate.
 47126 | Vaults:4 | Found a huge runed gate.
 47126 | Vaults:4 | Found a huge runed gate.
 47126 | Vaults:4 | Found a huge runed gate.
 47126 | Vaults:4 | Found a huge runed gate.
 47126 | Vaults:4 | Found a huge runed gate.
 47127 | Vaults:4 | Found a huge runed gate.
 47127 | Vaults:4 | Found a huge runed gate.
 47127 | Vaults:4 | Found a huge runed gate.
 47134 | Vaults:4 | Found a huge runed gate.
 47134 | Vaults:4 | Found a huge runed gate.
 47134 | Vaults:4 | Found a huge runed gate.
 47134 | Vaults:4 | Found a huge runed gate.
 47134 | Vaults:4 | Found a huge runed gate.
 47134 | Vaults:4 | Found a huge runed gate.
 47135 | Vaults:4 | Found a huge runed gate.
 47136 | Vaults:4 | Found a huge runed gate.
 47137 | Vaults:4 | Found a huge runed gate.
 47325 | Vaults:4 | Learned a level 2 spell: Lesser Beckoning
 47675 | Vaults:4 | Found a huge runed gate.
 47675 | Vaults:4 | Found a huge runed gate.
 47675 | Vaults:4 | Found a huge runed gate.
 47675 | Vaults:4 | Found a huge runed gate.
 47675 | Vaults:4 | Found a huge runed gate.
 47691 | Vaults:4 | Found a huge runed gate.
 47691 | Vaults:4 | Found a huge runed gate.
 47691 | Vaults:4 | Found a huge runed gate.
 47692 | Vaults:4 | Found a huge runed gate.
 47697 | Vaults:4 | Found a huge runed gate.
 47697 | Vaults:4 | Found a huge runed gate.
 47697 | Vaults:4 | Found a huge runed gate.
 47697 | Vaults:4 | Found a huge runed gate.
 47697 | Vaults:4 | Found a huge runed gate.
 47697 | Vaults:4 | Found a huge runed gate.
 47698 | Vaults:4 | Found a huge runed gate.
 47699 | Vaults:4 | Found a huge runed gate.
 47843 | Vaults:4 | Identified a scroll of acquirement
 47872 | Vaults:4 | Acquired 748 gold pieces
 48037 | Depths:1 | Entered Level 1 of the Depths
 48198 | Depths:1 | Reached skill level 5 in Translocations
 48480 | Depths:1 | Found Kiuckiof's Magic Scroll Shop.
 48483 | Depths:1 | Found Uczovoan's General Store.
 48495 | Depths:1 | Reached skill level 20 in Unarmed Combat
 48612 | Depths:1 | Bought a potion of heal wounds for 55 gold pieces
 48624 | Depths:1 | Found a radiant altar of Vehumet.
 48790 | Depths:1 | Found a gateway to Hell.
 48795 | Depths:1 | Reached skill level 15 in Fighting
 48820 | Depths:1 | Noticed a bone dragon
 48826 | Depths:1 | Killed a bone dragon
 49224 | Depths:2 | Identified the +2 short sword of Death {heavy, Dex+4}
 49505 | Depths:2 | Found a one-way gate leading to the halls of Pandemonium.
 49537 | Depths:2 | Found the +3 Elemental Staff {ele, rElec rF+ rC+ AC+3}
 49543 | Depths:2 | Reached XP level 21. HP: 162/184 MP: 32/32
 50767 | Depths:3 | Identified the "Ufumm"
 50767 | Depths:3 | Identified the "Cinn"
 50767 | Depths:3 | Identified the "Naati"
 50767 | Depths:3 | Identified the "Ekucvoll"
 50767 | Depths:3 | Identified the "Deibek"
 50823 | Depths:3 | Found a one-way gateway to a ziggurat.
 51084 | Depths:3 | Learned a level 4 spell: Manifold Assault
 52216 | Depths:4 | Entered Level 4 of the Depths
 52238 | Depths:4 | Found a magical portal.
 52275 | WizLab   | Entered Wucad Mu's Monastery
 52384 | WizLab   | Found the crystal ball of Wucad Mu {*channel}
 52579 | WizLab   | Reached XP level 22. HP: 195/195 MP: 33/33
 53236 | Depths:4 | Noticed a caustic shrike
 53236 | Depths:4 | Noticed a caustic shrike
 53236 | Depths:4 | Noticed a caustic shrike
 53239 | Depths:4 | Killed a caustic shrike
 53239 | Depths:4 | Killed a caustic shrike
 53241 | Depths:4 | Killed a caustic shrike
 53242 | Depths:4 | Reached skill level 10 in Evocations
 53253 | Depths:4 | Noticed a caustic shrike
 53268 | Depths:4 | Killed a caustic shrike
 53269 | Depths:4 | Reached skill level 21 in Unarmed Combat
 53305 | Depths:4 | Noticed a golden dragon
 53309 | Depths:4 | Killed a golden dragon
 53514 | Depths:4 | Found a gate to the Realm of Zot.
 53644 | Depths:4 | Noticed a caustic shrike
 53644 | Depths:4 | Noticed a caustic shrike
 53644 | Depths:4 | Noticed a caustic shrike
 53647 | Depths:4 | Killed a caustic shrike
 53649 | Depths:4 | Killed a caustic shrike
 53652 | Depths:4 | Killed a caustic shrike
 54363 | Vaults:5 | Entered Level 5 of the Vaults
 54373 | Vaults:5 | Reached skill level 5 in Spellcasting
 54373 | Vaults:5 | Reached XP level 23. HP: 157/205 MP: 16/34
 54979 | Vaults:5 | Noticed a dread lich
 54992 | Vaults:5 | Killed a dread lich
 55718 | Vaults:5 | Reached skill level 22 in Unarmed Combat
 56222 | Vaults:5 | Identified the staff "Qauxule" {rN+ Int-2 Dex+6 Necro Fire}
 56251 | Vaults:5 | Identified the +7 rapier of Spontaneous Combustion {freeze,
                  | rN+ Int+3}
 56315 | Vaults:5 | Identified the +5 hand axe of Ujuuf {flame, rC++ Str+3
                  | Int-3 Stlth+}
 56520 | Vaults:5 | Got a silver rune of Zot
 56559 | Vaults:5 | Identified the +3 hand axe "Pavvot" {pain, Will+ MP-9
                  | Str+2}
 56715 | Vaults:5 | Identified the ring of Attitude {Will+ Str+5 Dex+6}
 56946 | Vaults:5 | Identified the +1 whip of Revolt {flame, rN+ Will- rCorr
                  | Dex+2}
 56949 | Vaults:5 | Identified the +1 chain mail "Axzey" {rPois}
 57022 | Vaults:5 | Identified the staff of the Moon {*Slow rC+ rN++ Hexes Ice}
 58104 | Elf:1    | Identified the of Famumeam
 58104 | Elf:1    | Identified the of Huneuk
 58104 | Elf:1    | Identified the "Takhloer"
 58104 | Elf:1    | Entered Level 1 of the Elven Halls
 58104 | Elf:1    | Found a runed translucent gate.
 58104 | Elf:1    | Found a runed translucent gate.
 58104 | Elf:1    | Found a runed translucent gate.
 58104 | Elf:1    | Found a runed translucent gate.
 58104 | Elf:1    | Found a runed translucent gate.
 58104 | Elf:1    | Found a runed translucent gate.
 58105 | Elf:1    | Found a runed translucent door.
 58113 | Elf:1    | Found a runed translucent door.
 58186 | Elf:1    | Reached skill level 5 in Stealth
 58692 | Elf:1    | Found Qynal's Tiny Tomes.
 59300 | Elf:1    | Reached XP level 24. HP: 221/221 MP: 34/34
 59587 | Elf:1    | Found Sinly's Tremendous Tomes.
 59669 | Elf:2    | Reached XP level 25. HP: 228/228 MP: 34/34
 59827 | Elf:2    | Found a runed translucent gate.
 59859 | Elf:2    | Found Purhuun's Book Boutique.
 59860 | Elf:2    | Found Sakuoh's Jewellery Boutique.
 59860 | Elf:2    | Found Xonwos's General Store.
 59865 | Elf:2    | Paralysed by an air elemental for 1 turns
 59881 | Elf:2    | Found Diubaeb's Jewellery Shop.
 59892 | Elf:2    | Bought a potion of might for 80 gold pieces
 59892 | Elf:2    | Bought a wand of mindburst (6) for 168 gold pieces
 60069 | Elf:2    | Found a runed translucent gate.
 60070 | Elf:2    | Found a runed translucent gate.
 60310 | Elf:3    | Entered Level 3 of the Elven Halls
 60923 | Elf:3    | Reached skill level 23 in Unarmed Combat
 60941 | Elf:3    | Identified the ring "Keqi" {MP+9 Str-5 Int+3 Slay+5}
 61367 | Elf:3    | Identified the +10 orcbow "Utiso" {drain, Dex+2}
 61530 | Elf:3    | Identified the ring of Dim Light {MP+9 AC+4 Stlth+}
 61891 | Elf:3    | Identified the staff "Ogreslayer" {Int+2 Earth}
 63063 | Zot:1    | Entered Level 1 of the Realm of Zot
 63394 | Lair:4   | Found a staircase to the Slime Pits.
 63458 | Slime:1  | Entered Level 1 of the Pits of Slime
 63506 | Slime:2  | Reached skill level 15 in Dodging
 63948 | Slime:5  | Identified the "Viguah"
 63948 | Slime:5  | Entered Level 5 of the Pits of Slime
 63977 | Slime:5  | Noticed the Royal Jelly
 63996 | Slime:5  | Killed the Royal Jelly
 64070 | Slime:5  | Identified the ring of Fisapiq {Ice *Slow Will+ Str+4}
 64242 | Slime:5  | Found the +5 glaive of the Guard {elec, spectral}
 64248 | Slime:5  | Identified the +8 halberd "Killer Klown's Foe" {protect,
                  | rF- rCorr Int+6}
 64272 | Slime:5  | Identified the +2 triple crossbow of Putrescence {freeze,
                  | rF+ MP+9 Stlth-}
 64290 | Slime:5  | Got a slimy rune of Zot
 64316 | Slime:5  | Identified the +1 pair of gloves "Earthly Heaven" {Str+4}
 64339 | Slime:5  | Identified the ring "Dalac" {rPois Will+}
 64997 | Zot:1    | Reached skill level 24 in Unarmed Combat
 65440 | Zot:1    | Reached XP level 26. HP: 244/244 MP: 34/34
 66964 | Zot:2    | Noticed Grunn
 66975 | Zot:2    | Killed Grunn
 67002 | Zot:2    | Identified the ring of Xom's Wantonness {Ice Str+3}
 67909 | Zot:3    | Reached skill level 25 in Unarmed Combat
 68895 | Zot:4    | Identified the ring of the Firefly {Ice Will+ rCorr}
 68895 | Zot:4    | Noticed Josephina
 69037 | Zot:4    | Killed Josephina
 69289 | Zot:5    | Entered Level 5 of the Realm of Zot
 69381 | Zot:5    | Reached XP level 27. HP: 258/258 MP: 34/34
 69792 | Zot:5    | Noticed an ancient lich
 69807 | Zot:5    | Killed an ancient lich
 70100 | Zot:5    | Noticed an orb of fire
 70111 | Zot:5    | Killed an orb of fire
 70117 | Zot:5    | Reached skill level 26 in Unarmed Combat
 70118 | Zot:5    | Noticed an orb of fire
 70121 | Zot:5    | Killed an orb of fire
 70122 | Zot:5    | Noticed an orb of fire
 70127 | Zot:5    | Killed an orb of fire
 70128 | Zot:5    | Noticed an orb of fire
 70131 | Zot:5    | Gained mutation: You sometimes lose your temper in combat.
                  | [an orb of fire]
 70135 | Zot:5    | Killed an orb of fire
 70138 | Zot:5    | Noticed an ancient lich
 70142 | Zot:5    | Killed an ancient lich
 70148 | Zot:5    | Noticed an ancient lich
 70152 | Zot:5    | Noticed a dread lich
 70154 | Zot:5    | Noticed a dread lich
 70156 | Zot:5    | Killed a dread lich
 70159 | Zot:5    | Killed an ancient lich
 70163 | Zot:5    | Killed a dread lich
 70175 | Zot:5    | Noticed a dread lich
 70178 | Zot:5    | Killed a dread lich
 70305 | Zot:5    | Noticed an ancient lich
 70310 | Zot:5    | Killed an ancient lich
 70440 | Zot:5    | Noticed a dread lich
 70455 | Zot:5    | Killed a dread lich
 71212 | Zot:5    | Got the Orb of Zot
 71244 | Zot:5    | Noticed Dokups the pandemonium lord
 71320 | Zot:1    | Noticed Domauc the pandemonium lord
 71322 | Zot:1    | Killed Domauc the pandemonium lord
 71457 | D:15     | Noticed Ocaucecs the pandemonium lord
 71459 | D:15     | Killed Ocaucecs the pandemonium lord
 71758 | D:3      | Noticed Joefex the pandemonium lord
 71762 | D:3      | Killed Joefex the pandemonium lord
 71817 | D:$      | Escaped with the Orb!

Illustrated notes

Levels and vault maps discovered:
D:1:      dpeg_arrival_rooms_b, layout_basic, corexii_hall_statues_x,
          minmay_misc_feat_hallway, minmay_close_crescents
D:2:      layout_basic, uniq_jessica
D:3:      layout_loops_cross, minmay_rat_hole
D:4:      cheibrodos_greedy_goblins, layout_loops_corners, ebering_ghost_gozag,
          uniq_duvessa
D:5:      layout_basic, nicolae_uskayaw_suspiria, serial_shops,
          nicolae_shop_stone
D:6:      layout_loops_ring, mainiacjoe_overflow_paths,
          minmay_temple_entry_enclosed_plants, nicolae_figureground_pulse
D:7:      layout_loops_ring, serial_shops, shop, sigmund_army
D:8:      layout_gridville, nicolae_ru_awakened_eye, serial_demonic,
          serial_demonic_c, serial_demonic_b, serial_demonic_g,
          serial_demonic_g, serial_demonic_e, minmay_shop_grid_forest
D:9:      layout_layer_cave, mainiacjoe_overflow_24_doors,
          nicolae_kite_square_tiling_tiny,
          nicolae_concentric_dashed_squares_mild, kennysheep_cross_bottleneck
D:10:     minmay_clustersquares, layout_rooms, dreamdust_gnoll_shepherd
D:11:     layout_stronghold, dpeg_oklobed_lair, orc_david_3, minmay_hedge_maze,
          minmay_puff
D:12:     layout_roguey, gammafunk_ghost_stat_death, uniq_jorgrun, uniq_nergalle
D:13:     layout_basic
D:14:     layout_roguey, hellmonk_vaults_keyhole, serial_shops, shop, shop,
          shop, nicolae_shop_crystal, uniq_roxanne
D:15:     hellmonk_depths_entry_around_the_bend, layout_loops_ring,
          serial_shops, nicolae_shop_waterfront, serial_park_paths
          [serial_park_minivault_5x5_8], minivault_25, minmay_stone_trees_large
Temple:   nicolae_temple_two_arcs
Lair:1:   dragon1_lemuel, layout_concentric_octagons, gauntlet_entry_generic
Lair:2:   layout_big_grid, hellmonk_spider_entry_not_the_bees,
          serial_bayou_pond_c
Lair:3:   dreamdust_cave_troll, layout_layer_cave, minmay_swamp_entry_worms,
          serial_bayou_shore_a
Lair:4:   layout_layer_cave, minmay_slime_entry_oklob_enclosed,
          nicolae_quartered_pool_impasse
Lair:5:   grunt_lair_end_beastmaster, layout_misc_corridors, ebering_ghost_xom,
          serial_bayou_shore_b
Swamp:1:  layout_falls_marsh, nicolae_swamp_little_tower,
          infiniplex_staircase_pool_2
Swamp:2:  layout_falls_marsh, nicolae_swamp_bean_lake
Swamp:3:  layout_basic_swamp, portal_ice_cave_entry_pillars_four,
          nicolae_swamp_fairy_circle, swamp_pool1,
          nicolae_swamp_orc_logging_accident
Swamp:4:  swamp, layout_basic_swamp, gammafunk_ghost_abyssal_escape, uniq_louise
Spider:1: gammafunk_sealed_arena, nicolae_spider_baby_got_redback, uniq_donald
Spider:2: layout_spider_delve
Spider:3: layout_spider_delve
Spider:4: grunt_spider_rune_parallel
Slime:1:  layout_caves
Slime:2:  layout_caves
Slime:3:  layout_caves
Slime:4:  layout_caves, cheibrodos_slime_lost_civilization_7
Slime:5:  slime_pit_nicolae_amoeboid
Orc:1:    layout_diamond_mine
Orc:2:    st_orc_town, layout_caves, serial_shops, nicolae_shop_statue_plus,
          guppyfry_library_mini
Elf:1:    nicolae_elf_arrival_dilemma, layout_gridlike,
          hangedman_elven_crosses_minicolossus,
          nicolae_shop_i_like_small_books_too, nicolae_shop_i_like_big_books,
          bh_hangedman_babel_library
Elf:2:    nicolae_elf_blades_crystal_corner, layout_gridlike, minmay_shoptagon
Elf:3:    minmay_elf_hall_not_hex, layout_geoelf_octagon
Vaults:1: gammafunk_ghost_crypt, vaults_room_large_hall, vaults_mumra_lcd,
          vaults_dpeg_hooks, hangedman_vaults_stitches,
          nicolae_vaults_double_plus_1, layout_vaults_omnigrid, uniq_asterion,
          uniq_saint_roka
Vaults:2: minmay_crypt_entry_nasty_monster, vaults_room_large_hall,
          serial_ice_m, v_misc_14, vaults_room_grid,
          nicolae_vaults_surprise_closet, v_misc_1, ontoclasm_vaults_fault,
          nicolae_vaults_sealed_display, nicolae_vaults_little_squares_1,
          layout_vaults_omnicross
Vaults:3: nicolae_vaults_three_branches, nicolae_vaults_arrows,
          nicolae_vaults_corpse_flower, vaults_mumra_chevron,
          nicolae_vaults_alarming, nicolae_vaults_border_crossing,
          layout_vaults_maze_snakey
Vaults:4: nicolae_vaults_little_squares_6, v_misc_17, not_door_vault_mu,
          nicolae_vaults_library_corner, v_rooms_1, nicolae_vaults_cochlea,
          nicolae_vaults_tangram_1, nicolae_vaults_tetromino_Z_2,
          layout_vaults_big_room, serial_shops, shop
Vaults:5
Depths:1: layout_long_grid, kennysheep_cluttered_room, grunt_mini_vestibule,
          chequers_serial_rivers_small_b, nicolae_wooded_promenade,
          vehumet_crystals
Depths:2: hangedman_arch_fort, layout_cave_shapes, minmay_misc_feat_five,
          pf_hell_entry_tar_river, pan_entry, abyss_entry_crystal
Depths:3: kennysheep_six_static_rooms, layout_honeycomb, enter_ziggurat_a,
          abyss_entry, pan_entry, hell_entry, minmay_misc_feat_tower
Depths:4: grunt_twist_and_shout, layout_long_grid,
          lightli_enter_wizlab_magi_temple, hell_entry
Zot:1:    hangedman_orp_of_zott, layout_misc_corridors, zot_minivault_2
Zot:2:    layout_twisted_circle, uniq_grunn
Zot:3:    layout_gridville
Zot:4:    layout_misc_corridors, uniq_josephina
Zot:5:    layout_gridlike

Skill      XL: |  1  2  3  4  5  6  7  8  9 10 11 12 13 14 15 16 17 18 19 20 21 22 23 24 25 26 27 |
---------------+----------------------------------------------------------------------------------+-----
Stealth        | 1 2 3 5 6 |  6.0
Fighting       | 2 3 5 6 8 9 10 12 13 14 15 16 17 19 21 23 24 | 24.5
Ice Magic      | 2 3 6 7 |  7.0
Spellcasting   | 1 2 3 5 6 |  6.0
Shapeshifting  | 4 5 7 8 9 11 12 13 15 16 17 18 19 20 21 22 | 22.0
Maces & Flails | 2 |  2.0
Dodging        | 2 4 5 6 7 8 9 10 11 12 13 14 15 16 17 | 17.6
Invocations    | 2 4 5 7 8 10 11 12 13 14 15 | 15.0
Evocations     | 2 4 5 6 7 9 10 | 10.0
Unarmed Combat | 4 7 10 12 14 15 17 18 19 20 21 22 24 25 26 | 26.9
Transmutations | 3 4 |  4.0
Translocations | 3 5 6 7 8 9 |  9.0
Air Magic      | 4 6 7 8 |  8.0

Action                     |  1- 3 |  4- 6 |  7- 9 | 10-12 | 13-15 | 16-18 | 19-21 | 22-24 | 25-27 || total
---------------------------+-------+-------+-------+-------+-------+-------+-------+-------+-------++-------
  Melee: Unarmed           |    11 |       |       |   174 |   746 |   830 |   758 |   396 |   919 ||  3834
         Dagger            |    47 |   130 |    56 |       |       |       |       |       |       ||   233
         Tailslap          |     4 |    23 |    45 |    74 |   111 |   136 |   142 |    86 |   187 ||   808
         Whip              |       |       |   212 |   225 |       |       |       |       |       ||   437
         Punch             |       |       |     7 |    22 |    54 |    98 |   116 |    57 |   163 ||   517
         Bite              |       |       |       |       |    81 |   110 |   119 |    57 |   132 ||   499
  Throw: Dart              |    21 |    20 |    23 |    24 |       |       |       |       |       ||    88
   Cast: Frozen Ramparts   |       |     9 |    39 |    71 |    19 |     1 |       |       |       ||   139
         Ozocubu's Armour  |       |     1 |    33 |    47 |    40 |    45 |    35 |    12 |    22 ||   235
         Wereblood         |       |       |       |       |       |    30 |    20 |     8 |    17 ||    75
         Lesser Beckoning  |       |       |       |       |       |       |    16 |    33 |    30 ||    79
         Manifold Assault  |       |       |       |       |       |       |    13 |     7 |     1 ||    21
         Vhi's Electric Ch |       |       |       |       |       |       |     5 |    34 |    59 ||    98
 Invoke: Bend Time         |       |       |     1 |     2 |       |       |       |       |       ||     3
         Slouch            |       |       |       |     4 |     5 |     4 |     4 |     7 |     5 ||    29
         Step From Time    |       |       |       |       |     2 |     1 |     2 |       |       ||     5
         Temporal Distorti |       |       |       |       |     1 |     3 |     7 |     2 |       ||    13
Ability: Breathe Lightning |       |       |     9 |    17 |     2 |     4 |     1 |       |       ||    33
         Begin Untransform |       |       |       |     1 |     1 |     2 |     1 |       |       ||     5
  Evoke: Wand              |       |       |       |    37 |    10 |    35 |     3 |       |     9 ||    94
         Lightning rod     |       |       |       |       |     3 |     4 |       |       |       ||     7
         Box of beasts     |       |       |       |       |     1 |     2 |       |       |     1 ||     4
         Phial of floods   |       |       |       |       |       |     1 |       |       |       ||     1
         Phantom mirror    |       |       |       |       |       |       |       |       |     1 ||     1
         Tin of tremorston |       |       |       |       |       |       |       |       |     1 ||     1
    Use: Potion            |     1 |       |       |     4 |     1 |       |     3 |     1 |     2 ||    12
         Scroll            |       |     4 |     8 |    13 |    10 |     2 |     6 |       |     2 ||    45
   Stab: Sleeping          |       |     7 |     3 |     2 |    12 |    11 |     8 |     5 |    13 ||    61
         Distracted        |       |     1 |       |     1 |     4 |     3 |     4 |     3 |    11 ||    27
         Petrified         |       |       |       |       |     1 |       |       |       |       ||     1
         Confused          |       |       |       |       |       |       |       |       |     2 ||     2
         Invisible         |       |       |       |       |       |       |       |       |     1 ||     1
 Armour: Skin              |    22 |    69 |   206 |   359 |   697 |   899 |   604 |   324 |   552 ||  3732
  Dodge: Dodged            |    26 |    58 |   295 |   455 |   487 |   666 |   516 |   351 |   728 ||  3582
   Form: Blade             |       |       |       |     2 |     3 |       |       |       |       ||     5
         Dragon            |       |       |       |       |     7 |     3 |     1 |       |       ||    11
                           |       |       |       |       |     1 |       |       |       |       ||     1
         Statue            |       |       |       |       |     2 |     1 |       |       |       ||     3
         Maw               |       |       |       |       |     1 |       |       |       |       ||     1
         Anaconda          |       |       |       |       |       |     1 |       |       |       ||     1

Table legend: (Time is in decaauts)
 A = Elapsed time spent in this place.
 B = Non-inter-level travel time spent in this place.
 C = Inter-level travel time spent in this place.
 D = Time resting spent in this place.
 E = Time spent auto-exploring this place.
 F = Levels seen in this place.
 G = Mean time per level.
                   A        B        C        D        E       F      G
               +--------+--------+--------+--------+--------+-----+--------+
         Total | 101315 |  91020 |  10295 |   4585 |  72464 |  56 | 1809.2 |
       Dungeon |  26556 |  22291 |   4265 |   1262 |  17617 |  15 | 1770.4 |
        Temple |     21 |     11 |     10 |      0 |      0 |   1 |   21.0 |
          Lair |  11303 |  10304 |    999 |    249 |   8544 |   5 | 2260.6 |
         Swamp |   6415 |   6010 |    405 |    369 |   4673 |   4 | 1603.8 |
   Spider Nest |   6879 |   6476 |    403 |    394 |   5127 |   4 | 1719.8 |
    Slime Pits |   1361 |   1187 |    174 |      0 |    674 |   5 |  272.2 |
  Orcish Mines |   4091 |   3356 |    735 |    454 |   2389 |   2 | 2045.5 |
   Elven Halls |   7093 |   6738 |    355 |    895 |   5036 |   3 | 2364.3 |
        Vaults |  16369 |  15420 |    949 |    654 |  12620 |   5 | 3273.8 |
        Depths |   8858 |   7563 |   1295 |      3 |   6550 |   4 | 2214.5 |
           Zot |   9202 |   8501 |    701 |    153 |   7007 |   5 | 1840.4 |
      Ice Cave |   1729 |   1729 |      0 |      5 |   1272 |   1 | 1729.0 |
        Wizlab |    672 |    672 |      0 |      0 |    481 |   1 |  672.0 |
      Gauntlet |    762 |    762 |      0 |    146 |    473 |   1 |  762.0 |
               +--------+--------+--------+--------+--------+-----+--------+

Top non-repeatable levels by time:
Vaults:4: 4347 daAuts
Vaults:5: 3793 daAuts
    D:11: 3730 daAuts
   Elf:3: 3511 daAuts
Vaults:1: 3227 daAuts
Depths:3: 2766 daAuts
   Zot:5: 2728 daAuts
  Lair:4: 2711 daAuts
  Lair:3: 2662 daAuts
   Zot:1: 2643 daAuts
   Orc:2: 2635 daAuts
Vaults:2: 2603 daAuts
     D:9: 2582 daAuts
    D:15: 2525 daAuts
Depths:2: 2468 daAuts
